 Dungeon Crawl Stone Soup version 0.30-a0-748-ge6a52f7cba (webtiles) character file.

Game seed: 4849754064023205615

23 Esekla the Sneak (level 3, 25/26 HPs)
             Began as an Octopode Delver on Feb 8, 2023.
             Quit the game on level 5 of the Dungeon.
             The game lasted 00:03:04 (189 turns).

Esekla the Sneak (Octopode Delver)                   Turns: 189, Time: 00:03:04

Health: 25/26      AC:  1    Str: 11    XL:     3   Next: 0%
Magic:  3/3        EV: 13    Int: 14    God:
Gold:   50         SH:  0    Dex: 13    Spells: 3/3 levels left

rFire   . . .      SeeInvis .    a - +0 falchion
rCold   . . .      Faith    .    (no shield)
rNeg    . . .      Spirit   .    (helmet restricted)
rPois   .          Reflect  .    (no amulet)
rElec   .          Harm     .    (no ring)
rCorr   .          Rampage  .    (no ring)
Will    .....                    (no ring)
Stlth   ++++                     (no ring)
HPRegen 0.24/turn                (no ring)
MPRegen 0.08/turn                (no ring)
                                 (no ring)
                                 (no ring)

@: no status effects
A: almost no armour, amphibious, 8 rings, camouflage 1, gelatinous body 1,
(nimble swimmer 1), tentacles
a: no special abilities


You were on level 5 of the Dungeon.
You visited 2 branches of the dungeon, and saw 2 of its levels.

You collected 50 gold pieces.

Inventory:

Hand Weapons
 a - a +0 falchion (weapon)
 h - a +0 dagger
Jewellery
 i - an amulet of reflection
Wands
 f - a wand of digging (1)
Scrolls
 b - a scroll of fog
 d - a scroll of fear
 g - a scroll of enchant weapon {unknown}
Potions
 c - a potion of degeneration {unknown}
 e - a potion of haste


   Skills:
 * Level 3.1 Fighting
 * Level 2.2 Long Blades
 * Level 2.2 Dodging
 + Level 7.0 Stealth
 * Level 0.5 Spellcasting


You had 3 spell levels left.
You didn't know any spells.
Your spell library contained the following spells:

 Spells                   Type           Power      Damage    Failure   Level
 Shock                    Conj/Air       0%         1d3       28%         1
 Swiftness                Air            0%         N/A       63%         3
 Airstrike                Air            0%         2d(0-16)  95%         4


Dungeon Overview and Level Annotations

Branches:
Dungeon (5/15)             Temple (1/1) D:5

Altars:
Cheibriados
Dithmenos
Fedhas
Kikubaaqudgha
Makhleb
Nemelex Xobeh
Okawaru
Ru
Sif Muna
Trog
Uskayaw
Xom


Innate Abilities, Weirdness & Mutations

You cannot wear most types of armour.
You are amphibious.
You can wear up to eight rings at the same time.
Your skin changes colour to match your surroundings (Stealth+).
Your rubbery body absorbs attacks. (AC +1, EV +1)
((You are camouflaged when in or above water. (Stealth+)))
You have tentacles for arms and can constrict up to eight enemies at once.


Message History

Your squeeze misses the giant cockroach.
The giant cockroach barely misses you. x2
You hit the giant cockroach. Your grab misses the giant cockroach.
The giant cockroach is moderately wounded.
The giant cockroach barely misses you.
You hit the giant cockroach but do no damage.
You grab the giant cockroach.
The giant cockroach is moderately wounded.
You constrict the giant cockroach, but do no damage.
The giant cockroach misses you. The giant cockroach barely misses you.
You hit the giant cockroach.
You kill the giant cockroach! 2 quokkas come into view.
Things that are here:
a giant cockroach corpse; a giant cockroach corpse You hit the quokka but do no damage.
Your grab misses the quokka. The quokka bites you.
You barely miss the quokka. You grab the quokka.
You constrict the quokka, but do no damage.
The quokka barely misses you. The quokka closely misses you.
You hit the quokka.
You kill the quokka!
You have reached level 3!
Your experience leads to an increase in your attributes!
Increase (S)trength, (I)ntelligence, or (D)exterity?
You feel clever. x2
You feel as though Xom is toying with you.
Suddenly, the walls become transparent!
You open the door.
You hear the slow rusting of a drain very nearby.
There is an open door here.
There is an open door here.
You open the door.
Found a shimmering altar of Xom.
There is an open door here.
There is an open door here.
There is an open door here.
You open the door.
A jelly comes into view.
Are you sure you want to abandon this character and quit the game? (Confirm with "yes".)

*,* ##~**~~**~**#.#
*,* #.~*~~~~*~# #.#
*,* #~#~~∩~*~###.#
*,*
#**##~.#~~*#~##..#
*,*
#.,#~~~.###~~~##.##
*,*
#..#~~~~~~†~~r###.##
*,* #..#*~###†##~**
##.## *,*
#...###..#.### ##.##
*,* ##.....@.g#...#
##.##
*,*#######....#...#
##.#
*,###..+.'J...##'##
#...
*,##...###...###.#
#.#. *,##...###...#
#.# #.#.
*,##._.'.'...# #.#
##.#. *,##...###...#
#.# ###..#.
*,##...#*#...# #.#
#..)#..
*,###..+J+...# #.#
#.>...#


You could see a jelly (wandering) and a neutral goblin (wandering).

Vanquished Creatures
  2 adders (D:5)
  3 giant cockroaches (D:5)
  A quokka (D:5)
6 creatures vanquished.

Notes
Turn   | Place    | Note
-------+----------+-------------------------------------------
     0 | D:5      | Esekla the Octopode Delver began the quest for the Orb.
     0 | D:5      | Reached XP level 1. HP: 16/16 MP: 1/1
    17 | D:5      | Noticed a hound
    69 | D:5      | Reached XP level 2. HP: 21/21 MP: 2/2
    72 | D:5      | Found a staircase to the Ecumenical Temple.
    90 | Temple   | Entered the Ecumenical Temple
    90 | Temple   | Found a transporter.
    90 | Temple   | Found a transporter.
    92 | Temple   | Found a transporter.
    92 | Temple   | Found a transporter.
   151 | D:5      | Reached skill level 7 in Stealth
   162 | D:5      | Reached XP level 3. HP: 19/26 MP: 3/3
   174 | D:5      | Found a shimmering altar of Xom.
   189 | D:5      | Quit the game

Illustrated notes

Levels and vault maps discovered:
D:5:      layout_basic, dk_xom_monty_hall, minmay_temple_entry_offerings,
          gup_sewer_entry_bubbles, kennysheep_generic_room_10
Temple:   hellmonk_temple_divided_pantheon

Skill      XL: |  1  2 |
---------------+-------+-----
Stealth        | 7 |  7.0
Fighting       | |  3.1
Long Blades    | |  2.2
Dodging        | |  2.2
Spellcasting   | |  0.5

Action                     || total
---------------------------++-------
  Melee: Falchion          ||    17
         Constrict         ||     5
  Evoke: Wand              ||     2
    Use: Scroll            ||     1
  Dodge: Dodged            ||    13

Table legend: (Time is in decaauts)
 A = Elapsed time spent in this place.
 B = Non-inter-level travel time spent in this place.
 C = Inter-level travel time spent in this place.
 D = Time resting spent in this place.
 E = Time spent auto-exploring this place.
 F = Levels seen in this place.
 G = Mean time per level.
                   A        B        C        D        E       F      G
               +--------+--------+--------+--------+--------+-----+--------+
         Total |    192 |    192 |      0 |      0 |      0 |   2 |   96.0 |
       Dungeon |    160 |    160 |      0 |      0 |      0 |   1 |  160.0 |
        Temple |     31 |     31 |      0 |      0 |      0 |   1 |   31.0 |
               +--------+--------+--------+--------+--------+-----+--------+

Top non-repeatable levels by time:
     D:5: 160 daAuts
  Temple: 31 daAuts
